Oilers vs Canucks

Created - February 8 2012 at 19:23

Goals
1 2 3 T
Oilers 0 1 0 1
Canucks 1 1 1 3
Shots
1 2 3 T
Oilers 12 10 8 30
Canucks 8 14 9 31

Period #1

1. Canucks , Loui Eriksson 19 (Duncan Keith, Ryan OReilly) at 12:44

Penalties :
Erik Karlsson (VAN) for Holding (Minor) at 3:52, Adam Burish (EDM) for Roughing (Minor) at 3:52, Dmitry Kulikov (VAN) for Hooking (Minor) at 7:20, Scott Hannan (EDM) for Holding (Minor) at 9:45, Karlis Skrastins (EDM) for Holding (Minor) at 17:44

Period #2

2. Oilers , Andrew Ladd 19 (Dany Heatley, Derek Roy) at 1:22 (PP)
3. Canucks , David Backes 14 (Brooks Laich, Alex Pietrangelo) at 19:35

Penalties :
Dmitry Kulikov (VAN) for Hooking (Minor) at 0:41, Erik Karlsson (VAN) for Hooking (Minor) at 11:09, Dany Heatley (EDM) for Hooking (Minor) at 11:09, Scott Nichol (EDM) for Slashing (Minor) at 13:34, Roman Hamrlik (EDM) for Tripping (Minor) at 14:47

Period #3

4. Canucks , Brooks Laich 17 (Loui Eriksson, Duncan Keith) at 9:25

Penalties :
Dany Heatley (EDM) for Hooking (Minor) at 0:56, Fedor Tyutin (VAN) for Hooking (Minor) at 10:18, Brandon Sutter (VAN) for Slashing (Minor) at 13:40, Adam Burish (EDM) for Holding (Minor) at 15:36

Goalie Stats

Kari Lehtonen (EDM), 28 saves from 31 shots - (0.903), L, 21-17-6, 60:00 minutes
Henrik Lundqvist (VAN), 29 saves from 30 shots - (0.967), W, 30-12-4, 60:00 minutes

Players Stats

Oilers
Player Name              G  A  P  +/- PIM S  H  SB FO    MP 
------------------------------------------------------------
Adam Burish              0  0  0  -1  4   1  5  0  0/2   19 
Adrian Aucoin            0  0  0  -1  0   1  4  2  0/0   21 
Andrew Ladd              1  0  1  -2  0   8  3  0  0/2   19 
Brent Sopel              0  0  0   0  0   1  0  0  0/0   19 
Chris Phillips           0  0  0  -2  0   2  0  2  0/0   23 
Dany Heatley             0  1  1  -2  4   2  2  1  1/2   18 
Derek Roy                0  1  1  -1  0   1  0  0  13/22 16 
Fernando Pisani          0  0  0   0  0   0  0  0  0/2   4  
Jochen Hecht             0  0  0  -1  0   2  1  0  0/0   16 
Karlis Skrastins         0  0  0  -1  2   0  3  1  0/0   19 
Michal Handzus           0  0  0   0  0   0  3  0  6/18  19 
Radek Dvorak             0  0  0   0  0   2  3  0  1/2   14 
Roman Hamrlik            0  0  0  -2  2   1  2  1  0/0   22 
Scott Hannan             0  0  0   0  2   1  1  0  0/0   14 
Scott Nichol             0  0  0   0  2   0  1  0  7/11  6  
Stephen Weiss            0  0  0  -2  0   7  0  0  12/25 21 
Steve Sullivan           0  0  0   0  0   1  2  0  0/0   14 
Todd Marchant            0  0  0   0  0   0  0  0  0/0   0  
Canucks
Player Name              G  A  P  +/- PIM S  H  SB FO    MP 
------------------------------------------------------------
Alex Pietrangelo         0  1  1   2  0   0  1  1  0/0   15 
Brandon Sutter           0  0  0   0  2   1  0  1  11/22 16 
Brooks Laich             1  1  2   2  0   3  0  0  9/16  15 
Corey Perry              0  0  0   0  0   7  1  0  3/4   20 
David Backes             1  0  1   2  0   5  1  0  1/3   15 
Dmitry Kulikov           0  0  0   0  4   1  2  1  0/0   18 
Duncan Keith             0  2  2   3  0   2  0  1  0/0   24 
Erik Karlsson            0  0  0   0  4   0  0  1  0/0   17 
Fedor Tyutin             0  0  0   0  2   0  3  3  0/0   17 
James van Riemsdyk       0  0  0   0  0   0  1  1  1/2   16 
Jannik Hansen            0  0  0   1  0   0  2  0  0/1   9  
Kris Russell             0  0  0   1  0   0  0  0  0/0   11 
Loui Eriksson            1  1  2   3  0   4  0  0  0/2   19 
Matthew Carle            0  0  0   0  0   0  2  1  0/0   18 
Phil Kessel              0  0  0   0  0   4  0  1  13/22 17 
Ryan OReilly             0  1  1   1  0   0  1  0  5/10  11 
Tomas Holmstrom          0  0  0   0  0   3  0  0  0/1   14 
Valtteri Filppula        0  0  0   0  0   1  1  0  3/3   18 

3 Stars

1 - Loui Eriksson (VAN)
2 - Brooks Laich (VAN)
3 - Henrik Lundqvist (VAN)

Power Play

Oilers - 1 on 4 Attempt(s) - 25.00%
Canucks - 0 on 6 Attempt(s) - 0.00%

Penalty Kill

Oilers - 6 on 6 Attempt(s) - 100.00% - Score 0 goal in Penalty Kill
Canucks - 3 on 4 Attempt(s) - 75.00% - Score 0 goal in Penalty Kill

Game Notes

No Game Note

Finance

Level 1 -- Attendance: 6350 (97.69%) -- Ticket Income $508,000.00
Level 2 -- Attendance: 3200 (64.00%) -- Ticket Income $208,000.00
Level 3 -- Attendance: 1878 (53.66%) -- Ticket Income $93,900.00
Level 4 -- Attendance: 1795 (62.76%) -- Ticket Income $44,875.00
Luxury Box -- Attendance: 652 (65.20%) -- Ticket Income $163,000.00
Game was played at the Rogers Arena
Total Attendance: 13875 (73.57%)
Total Ticket Income: $1,089,581.00
Other Income: $219,969.60
Total Income: $1,309,551.00


Play by Play

Period #1

0:01 of 1st period - Stephen Weiss wins face-off versus Phil Kessel in neutral zone.
0:04 of 1st period - Shot by Andrew Ladd.
0:04 of 1st period - Stopped by Henrik Lundqvist without a rebound.
0:05 of 1st period - Derek Roy wins face-off versus Brooks Laich in Canucks zone.
0:06 of 1st period - Shot by Adrian Aucoin.
0:06 of 1st period - Stopped by Henrik Lundqvist without a rebound.
0:07 of 1st period - Phil Kessel wins face-off versus Andrew Ladd in Canucks zone.
0:12 of 1st period - Shot by Corey Perry.
0:12 of 1st period - Shot Blocked by Chris Phillips.
0:20 of 1st period - Shot by Andrew Ladd.
0:20 of 1st period - Stopped by Henrik Lundqvist without a rebound.
0:21 of 1st period - Derek Roy wins face-off versus Brooks Laich in Canucks zone.
0:27 of 1st period - Icing by David Backes.
0:28 of 1st period - Brooks Laich wins face-off versus Michal Handzus in Canucks zone.
1:03 of 1st period - Duncan Keith is hit by Michal Handzus and loses puck.
2:01 of 1st period - Shot by Stephen Weiss.
2:01 of 1st period - Shot Blocked by Erik Karlsson.
2:03 of 1st period - Shot by Stephen Weiss.
2:03 of 1st period - Stopped by Henrik Lundqvist without a rebound.
2:04 of 1st period - Derek Roy wins face-off versus Brandon Sutter in Canucks zone.
2:09 of 1st period - Shot by Jochen Hecht.
2:09 of 1st period - Shot Blocked by Fedor Tyutin.
2:12 of 1st period - Icing by Dmitry Kulikov.
2:13 of 1st period - Brandon Sutter wins face-off versus Scott Nichol in Canucks zone.
2:27 of 1st period - Icing by Valtteri Filppula.
2:28 of 1st period - Stephen Weiss wins face-off versus Brandon Sutter in Canucks zone.
3:08 of 1st period - Shot by Stephen Weiss.
3:08 of 1st period - Stopped by Henrik Lundqvist without a rebound.
3:09 of 1st period - Derek Roy wins face-off versus Phil Kessel in Canucks zone.
3:09 of 1st period - Adrian Aucoin is hit by Matthew Carle and loses puck.
3:39 of 1st period - Derek Roy is hit by Matthew Carle and loses puck.
3:52 of 1st period - Minor Penalty to Erik Karlsson for Holding.
3:52 of 1st period - Minor Penalty to Adam Burish for Roughing.
3:53 of 1st period - Stephen Weiss wins face-off versus Corey Perry in Canucks zone.
4:02 of 1st period - Shot by Stephen Weiss.
4:02 of 1st period - Stopped by Henrik Lundqvist without a rebound.
4:03 of 1st period - Stephen Weiss wins face-off versus Brandon Sutter in Canucks zone.
4:06 of 1st period - Shot by Stephen Weiss.
4:06 of 1st period - Shot Misses the Net.
5:05 of 1st period - Off-side.
5:06 of 1st period - Derek Roy wins face-off versus Brandon Sutter in neutral zone.
5:11 of 1st period - Shot by Derek Roy.
5:11 of 1st period - Shot Blocked by Duncan Keith.
5:13 of 1st period - Shot by Andrew Ladd.
5:13 of 1st period - Stopped by Henrik Lundqvist without a rebound.
5:14 of 1st period - Brooks Laich wins face-off versus Derek Roy in Canucks zone.
5:14 of 1st period - Brooks Laich is hit by Andrew Ladd.
5:17 of 1st period - Icing by Corey Perry.
5:18 of 1st period - Corey Perry wins face-off versus Derek Roy in Canucks zone.
5:25 of 1st period - Shot by Corey Perry.
5:25 of 1st period - Stopped by Kari Lehtonen without a rebound.
5:26 of 1st period - Brandon Sutter wins face-off versus Derek Roy in Oilers zone.
5:37 of 1st period - Shot by Adrian Aucoin.
5:37 of 1st period - Shot Blocked by Brandon Sutter.
5:47 of 1st period - Shot by David Backes.
5:47 of 1st period - Stopped by Kari Lehtonen without a rebound.
5:48 of 1st period - Stephen Weiss wins face-off versus Brooks Laich in Oilers zone.
5:48 of 1st period - Stephen Weiss is hit by Corey Perry.
5:56 of 1st period - Shot by Scott Hannan.
5:56 of 1st period - Stopped by Henrik Lundqvist without a rebound.
5:57 of 1st period - Ryan OReilly wins face-off versus Michal Handzus in Canucks zone.
5:59 of 1st period - Kris Russell is hit by Michal Handzus and loses puck.
6:21 of 1st period - Icing by Scott Hannan.
6:22 of 1st period - Michal Handzus wins face-off versus Tomas Holmstrom in Oilers zone.
6:31 of 1st period - Shot by Valtteri Filppula.
6:31 of 1st period - Shot Misses the Net.
7:06 of 1st period - Icing by Fedor Tyutin.
7:07 of 1st period - Valtteri Filppula wins face-off versus Derek Roy in Canucks zone.
7:07 of 1st period - Valtteri Filppula is hit by Adam Burish.
7:15 of 1st period - Icing by Valtteri Filppula.
7:16 of 1st period - Scott Nichol wins face-off versus Brandon Sutter in Canucks zone.
7:20 of 1st period - Minor Penalty to Dmitry Kulikov for Hooking.
7:21 of 1st period - Derek Roy wins face-off versus Ryan OReilly in Canucks zone.
8:34 of 1st period - Shot by Jochen Hecht.
8:34 of 1st period - Stopped by Henrik Lundqvist without a rebound.
8:35 of 1st period - Brandon Sutter wins face-off versus Stephen Weiss in Canucks zone.
8:50 of 1st period - Shot by Adrian Aucoin.
8:50 of 1st period - Shot Blocked by Matthew Carle.
8:52 of 1st period - Shot by Adrian Aucoin.
8:52 of 1st period - Shot Misses the Net.
8:54 of 1st period - Shot by Adrian Aucoin.
8:54 of 1st period - Shot Misses the Net.
8:56 of 1st period - Shot by Adrian Aucoin.
8:56 of 1st period - Shot Misses the Net.
9:21 of 1st period - Derek Roy is hit by Alex Pietrangelo and loses puck.
9:28 of 1st period - Shot by Loui Eriksson.
9:28 of 1st period - Shot Misses the Net.
9:39 of 1st period - Loui Eriksson is hit by Scott Hannan and loses puck.
9:45 of 1st period - Minor Penalty to Scott Hannan for Holding.
9:46 of 1st period - Scott Nichol wins face-off versus James van Riemsdyk in Oilers zone.
11:42 of 1st period - Shot by James van Riemsdyk.
11:42 of 1st period - Shot Hit the Post.
11:46 of 1st period - Shot by James van Riemsdyk.
11:46 of 1st period - Deflect By Tomas Holmstrom.
11:46 of 1st period - Stopped by Kari Lehtonen with a rebound.
11:52 of 1st period - Shot by Stephen Weiss.
11:52 of 1st period - Stopped by Henrik Lundqvist without a rebound.
11:53 of 1st period - Ryan OReilly wins face-off versus Fernando Pisani in Canucks zone.
11:58 of 1st period - Shot by Ryan OReilly.
11:58 of 1st period - Deflect By Loui Eriksson.
11:58 of 1st period - Stopped by Kari Lehtonen without a rebound.
11:59 of 1st period - Brandon Sutter wins face-off versus Michal Handzus in Oilers zone.
12:12 of 1st period - Shot by Tomas Holmstrom.
12:12 of 1st period - Stopped by Kari Lehtonen without a rebound.
12:13 of 1st period - Stephen Weiss wins face-off versus Loui Eriksson in Oilers zone.
12:26 of 1st period - Shot by Stephen Weiss.
12:26 of 1st period - Shot Misses the Net.
12:44 of 1st period - Shot by Loui Eriksson.
12:44 of 1st period - Goal by Loui Eriksson - Oilers : 0 - Canucks : 1.
12:45 of 1st period - Phil Kessel wins face-off versus Derek Roy in neutral zone.
12:53 of 1st period - Phil Kessel is hit by Adrian Aucoin and loses puck.
13:52 of 1st period - Shot by Valtteri Filppula.
13:52 of 1st period - Shot Misses the Net.
13:56 of 1st period - Shot by Fedor Tyutin.
13:56 of 1st period - Shot Blocked by Adrian Aucoin.
13:58 of 1st period - Shot by Brandon Sutter.
13:58 of 1st period - Stopped by Kari Lehtonen without a rebound.
13:59 of 1st period - Michal Handzus wins face-off versus David Backes in Oilers zone.
14:10 of 1st period - Shot by Radek Dvorak.
14:10 of 1st period - Stopped by Henrik Lundqvist without a rebound.
14:11 of 1st period - Stephen Weiss wins face-off versus Loui Eriksson in Canucks zone.
14:27 of 1st period - Shot by Andrew Ladd.
14:27 of 1st period - Stopped by Henrik Lundqvist with a rebound.
14:35 of 1st period - Dany Heatley is hit by Jannik Hansen and loses puck.
14:50 of 1st period - Dany Heatley is hit by Jannik Hansen.
15:11 of 1st period - Steve Sullivan is hit by Dmitry Kulikov and loses puck.
15:55 of 1st period - Brandon Sutter is hit by Radek Dvorak and loses puck.
16:33 of 1st period - Shot by Phil Kessel.
16:33 of 1st period - Shot Misses the Net.
16:44 of 1st period - Icing by Erik Karlsson.
16:45 of 1st period - James van Riemsdyk wins face-off versus Stephen Weiss in Canucks zone.
16:47 of 1st period - Icing by Corey Perry.
16:48 of 1st period - Phil Kessel wins face-off versus Stephen Weiss in Canucks zone.
16:48 of 1st period - Corey Perry is hit by Dany Heatley and loses puck.
16:54 of 1st period - Erik Karlsson is hit by Karlis Skrastins and loses puck.
17:06 of 1st period - Corey Perry is hit by Roman Hamrlik and loses puck.
17:20 of 1st period - Loui Eriksson is hit by Karlis Skrastins and loses puck.
17:35 of 1st period - Shot by David Backes.
17:35 of 1st period - Stopped by Kari Lehtonen with a rebound.
17:39 of 1st period - Shot by David Backes.
17:39 of 1st period - Shot Misses the Net.
17:42 of 1st period - David Backes is hit by Roman Hamrlik and loses puck.
17:44 of 1st period - Minor Penalty to Karlis Skrastins for Holding.
17:45 of 1st period - Brooks Laich wins face-off versus Michal Handzus in Oilers zone.
19:59 of 1st period - Stephen Weiss is hit by Ryan OReilly and loses puck.

Period #2

0:01 of 2nd period - Stephen Weiss wins face-off versus Phil Kessel in neutral zone.
0:22 of 2nd period - Shot by Corey Perry.
0:22 of 2nd period - Stopped by Kari Lehtonen without a rebound.
0:23 of 2nd period - Brooks Laich wins face-off versus Derek Roy in Oilers zone.
0:27 of 2nd period - Loui Eriksson is hit by Adrian Aucoin and loses puck.
0:30 of 2nd period - Shot by Loui Eriksson.
0:30 of 2nd period - Stopped by Kari Lehtonen with a rebound.
0:32 of 2nd period - Shot by Brooks Laich.
0:32 of 2nd period - Stopped by Kari Lehtonen without a rebound.
0:33 of 2nd period - Radek Dvorak wins face-off versus Brandon Sutter in Oilers zone.
0:41 of 2nd period - Minor Penalty to Dmitry Kulikov for Hooking.
0:42 of 2nd period - Stephen Weiss wins face-off versus Ryan OReilly in Canucks zone.
0:49 of 2nd period - Shot by Jochen Hecht.
0:49 of 2nd period - Stopped by Henrik Lundqvist without a rebound.
0:50 of 2nd period - Derek Roy wins face-off versus Brandon Sutter in Canucks zone.
1:07 of 2nd period - Duncan Keith is hit by Dany Heatley and loses puck.
1:14 of 2nd period - Shot by Roman Hamrlik.
1:14 of 2nd period - Shot Misses the Net.
1:18 of 2nd period - Shot by Derek Roy.
1:18 of 2nd period - Shot Misses the Net.
1:22 of 2nd period - Shot by Andrew Ladd.
1:22 of 2nd period - Goal by Andrew Ladd - Oilers : 1 - Canucks : 1.
1:23 of 2nd period - Phil Kessel wins face-off versus Radek Dvorak in neutral zone.
1:33 of 2nd period - Shot by Phil Kessel.
1:33 of 2nd period - Stopped by Kari Lehtonen without a rebound.
1:34 of 2nd period - Scott Nichol wins face-off versus Brandon Sutter in Oilers zone.
1:42 of 2nd period - Icing by Fedor Tyutin.
1:43 of 2nd period - Brandon Sutter wins face-off versus Michal Handzus in Canucks zone.
2:00 of 2nd period - Shot by Valtteri Filppula.
2:00 of 2nd period - Stopped by Kari Lehtonen without a rebound.
2:01 of 2nd period - Derek Roy wins face-off versus Phil Kessel in Oilers zone.
2:10 of 2nd period - Shot by Phil Kessel.
2:10 of 2nd period - Stopped by Kari Lehtonen without a rebound.
2:11 of 2nd period - Brooks Laich wins face-off versus Stephen Weiss in Oilers zone.
2:31 of 2nd period - Off-side.
2:32 of 2nd period - Phil Kessel wins face-off versus Derek Roy in neutral zone.
2:32 of 2nd period - Corey Perry is hit by Adam Burish.
3:10 of 2nd period - Shot by James van Riemsdyk.
3:10 of 2nd period - Shot Blocked by Karlis Skrastins.
3:19 of 2nd period - Corey Perry is hit by Adrian Aucoin and loses puck.
3:40 of 2nd period - Shot by Stephen Weiss.
3:40 of 2nd period - Shot Blocked by Phil Kessel.
3:44 of 2nd period - Shot by Stephen Weiss.
3:44 of 2nd period - Stopped by Henrik Lundqvist without a rebound.
3:45 of 2nd period - Brooks Laich wins face-off versus Michal Handzus in Canucks zone.
3:45 of 2nd period - Brooks Laich is hit by Radek Dvorak.
4:46 of 2nd period - Fedor Tyutin is hit by Steve Sullivan and loses puck.
5:01 of 2nd period - Shot by Valtteri Filppula.
5:01 of 2nd period - Shot Misses the Net.
5:25 of 2nd period - Shot by Andrew Ladd.
5:25 of 2nd period - Shot Misses the Net.
5:29 of 2nd period - Shot by Dany Heatley.
5:29 of 2nd period - Stopped by Henrik Lundqvist without a rebound.
5:30 of 2nd period - Ryan OReilly wins face-off versus Adam Burish in Canucks zone.
6:05 of 2nd period - Duncan Keith is hit by Jochen Hecht and loses puck.
6:56 of 2nd period - Shot by Dany Heatley.
6:56 of 2nd period - Stopped by Henrik Lundqvist without a rebound.
6:57 of 2nd period - Michal Handzus wins face-off versus Brandon Sutter in Canucks zone.
7:02 of 2nd period - Shot by Steve Sullivan.
7:02 of 2nd period - Shot Misses the Net.
7:23 of 2nd period - Off-side.
7:24 of 2nd period - Scott Nichol wins face-off versus Phil Kessel in neutral zone.
7:27 of 2nd period - Matthew Carle is hit by Scott Nichol and loses puck.
7:40 of 2nd period - Shot by Fernando Pisani.
7:40 of 2nd period - Shot Misses the Net.
7:44 of 2nd period - Shot by Fernando Pisani.
7:44 of 2nd period - Shot Misses the Net.
7:46 of 2nd period - Shot by Adam Burish.
7:46 of 2nd period - Stopped by Henrik Lundqvist without a rebound.
7:47 of 2nd period - Brooks Laich wins face-off versus Stephen Weiss in Canucks zone.
8:00 of 2nd period - Shot by Andrew Ladd.
8:00 of 2nd period - Shot Blocked by Alex Pietrangelo.
8:02 of 2nd period - Shot by Stephen Weiss.
8:02 of 2nd period - Stopped by Henrik Lundqvist without a rebound.
8:03 of 2nd period - Brandon Sutter wins face-off versus Michal Handzus in Canucks zone.
8:03 of 2nd period - Brandon Sutter is hit by Steve Sullivan.
8:41 of 2nd period - Steve Sullivan is hit by Fedor Tyutin and loses puck.
9:13 of 2nd period - Derek Roy is hit by Fedor Tyutin and loses puck.
9:44 of 2nd period - Shot by Stephen Weiss.
9:44 of 2nd period - Stopped by Henrik Lundqvist without a rebound.
9:45 of 2nd period - Dany Heatley wins face-off versus Phil Kessel in Canucks zone.
9:50 of 2nd period - Shot by Stephen Weiss.
9:50 of 2nd period - Shot Blocked by James van Riemsdyk.
9:52 of 2nd period - Shot by Roman Hamrlik.
9:52 of 2nd period - Shot Misses the Net.
9:54 of 2nd period - Shot by Chris Phillips.
9:54 of 2nd period - Stopped by Henrik Lundqvist without a rebound.
9:55 of 2nd period - Michal Handzus wins face-off versus Brooks Laich in Canucks zone.
10:18 of 2nd period - Shot by Brooks Laich.
10:18 of 2nd period - Shot Misses the Net.
11:09 of 2nd period - Minor Penalty to Erik Karlsson for Hooking.
11:09 of 2nd period - Minor Penalty to Dany Heatley for Hooking.
11:10 of 2nd period - Derek Roy wins face-off versus Brooks Laich in Canucks zone.
12:37 of 2nd period - Shot by Corey Perry.
12:37 of 2nd period - Stopped by Kari Lehtonen without a rebound.
12:38 of 2nd period - David Backes wins face-off versus Andrew Ladd in Oilers zone.
12:41 of 2nd period - Shot by Loui Eriksson.
12:41 of 2nd period - Shot Misses the Net.
13:27 of 2nd period - Shot by Steve Sullivan.
13:27 of 2nd period - Shot Misses the Net.
13:31 of 2nd period - Shot by Steve Sullivan.
13:31 of 2nd period - Stopped by Henrik Lundqvist without a rebound.
13:32 of 2nd period - Scott Nichol wins face-off versus Ryan OReilly in Canucks zone.
13:34 of 2nd period - Minor Penalty to Scott Nichol for Slashing.
13:35 of 2nd period - Phil Kessel wins face-off versus Stephen Weiss in Oilers zone.
13:40 of 2nd period - Shot by Corey Perry.
13:40 of 2nd period - Shot Misses the Net.
13:48 of 2nd period - Shot by Corey Perry.
13:48 of 2nd period - Stopped by Kari Lehtonen with a rebound.
13:52 of 2nd period - Shot by Corey Perry.
13:52 of 2nd period - Shot Blocked by Roman Hamrlik.
13:54 of 2nd period - Shot by Duncan Keith.
13:54 of 2nd period - Stopped by Kari Lehtonen without a rebound.
13:55 of 2nd period - Michal Handzus wins face-off versus Brooks Laich in Oilers zone.
13:55 of 2nd period - Michal Handzus is hit by David Backes.
14:07 of 2nd period - Jochen Hecht is hit by James van Riemsdyk and loses puck.
14:47 of 2nd period - Minor Penalty to Roman Hamrlik for Tripping.
14:48 of 2nd period - Michal Handzus wins face-off versus Phil Kessel in Oilers zone.
14:54 of 2nd period - Icing by Erik Karlsson.
14:55 of 2nd period - Phil Kessel wins face-off versus Michal Handzus in Canucks zone.
15:06 of 2nd period - Shot by Corey Perry.
15:06 of 2nd period - Stopped by Kari Lehtonen with a rebound.
15:10 of 2nd period - Shot by Duncan Keith.
15:10 of 2nd period - Shot Misses the Net.
15:14 of 2nd period - Shot by Phil Kessel.
15:14 of 2nd period - Stopped by Kari Lehtonen with a rebound.
16:50 of 2nd period - Shot by Tomas Holmstrom.
16:50 of 2nd period - Shot Blocked by Dany Heatley.
16:54 of 2nd period - Shot by Tomas Holmstrom.
16:54 of 2nd period - Shot Misses the Net.
16:56 of 2nd period - Shot by Tomas Holmstrom.
16:56 of 2nd period - Deflect By Valtteri Filppula.
16:56 of 2nd period - Shot Misses the Net.
17:00 of 2nd period - Shot by Dmitry Kulikov.
17:00 of 2nd period - Stopped by Kari Lehtonen without a rebound.
17:01 of 2nd period - Brandon Sutter wins face-off versus Stephen Weiss in Oilers zone.
17:13 of 2nd period - Stephen Weiss is hit by Fedor Tyutin and loses puck.
17:16 of 2nd period - Shot by Stephen Weiss.
17:16 of 2nd period - Deflect By Andrew Ladd.
17:16 of 2nd period - Shot Blocked by Dmitry Kulikov.
17:33 of 2nd period - Shot by Stephen Weiss.
17:33 of 2nd period - Shot Misses the Net.
17:40 of 2nd period - Icing by Dmitry Kulikov.
17:41 of 2nd period - Brandon Sutter wins face-off versus Michal Handzus in Canucks zone.
18:47 of 2nd period - Icing by Matthew Carle.
18:48 of 2nd period - Phil Kessel wins face-off versus Stephen Weiss in Canucks zone.
18:48 of 2nd period - Corey Perry is hit by Andrew Ladd and loses puck.
19:31 of 2nd period - Shot by David Backes.
19:31 of 2nd period - Stopped by Kari Lehtonen with a rebound.
19:33 of 2nd period - Shot by Brooks Laich.
19:33 of 2nd period - Shot Blocked by Chris Phillips.
19:35 of 2nd period - Shot by David Backes.
19:35 of 2nd period - Goal by David Backes - Oilers : 1 - Canucks : 2.
19:36 of 2nd period - Brandon Sutter wins face-off versus Adam Burish in neutral zone.

Period #3

0:01 of 3rd period - Phil Kessel wins face-off versus Dany Heatley in neutral zone.
0:11 of 3rd period - Icing by Stephen Weiss.
0:12 of 3rd period - Stephen Weiss wins face-off versus Brooks Laich in Oilers zone.
0:19 of 3rd period - Shot by Stephen Weiss.
0:19 of 3rd period - Shot Misses the Net.
0:45 of 3rd period - Shot by David Backes.
0:45 of 3rd period - Shot Misses the Net.
0:56 of 3rd period - Minor Penalty to Dany Heatley for Hooking.
0:57 of 3rd period - Phil Kessel wins face-off versus Scott Nichol in Oilers zone.
1:12 of 3rd period - Shot by Adam Burish.
1:12 of 3rd period - Shot Misses the Net.
2:00 of 3rd period - Shot by James van Riemsdyk.
2:00 of 3rd period - Deflect By David Backes.
2:00 of 3rd period - Stopped by Kari Lehtonen without a rebound.
2:01 of 3rd period - Scott Nichol wins face-off versus Phil Kessel in Oilers zone.
3:15 of 3rd period - Shot by Tomas Holmstrom.
3:15 of 3rd period - Stopped by Kari Lehtonen without a rebound.
3:16 of 3rd period - Stephen Weiss wins face-off versus Ryan OReilly in Oilers zone.
3:35 of 3rd period - Shot by Loui Eriksson.
3:35 of 3rd period - Stopped by Kari Lehtonen without a rebound.
3:36 of 3rd period - Valtteri Filppula wins face-off versus Michal Handzus in Oilers zone.
4:16 of 3rd period - Valtteri Filppula is hit by Karlis Skrastins and loses puck.
4:55 of 3rd period - Corey Perry is hit by Adrian Aucoin and loses puck.
5:00 of 3rd period - Shot by Phil Kessel.
5:00 of 3rd period - Stopped by Kari Lehtonen without a rebound.
5:01 of 3rd period - Brooks Laich wins face-off versus Stephen Weiss in Oilers zone.
5:20 of 3rd period - Shot by Stephen Weiss.
5:20 of 3rd period - Shot Misses the Net.
5:44 of 3rd period - Shot by Andrew Ladd.
5:44 of 3rd period - Stopped by Henrik Lundqvist with a rebound.
6:26 of 3rd period - Shot by Radek Dvorak.
6:26 of 3rd period - Shot Misses the Net.
6:28 of 3rd period - Shot by Brent Sopel.
6:28 of 3rd period - Stopped by Henrik Lundqvist without a rebound.
6:29 of 3rd period - Derek Roy wins face-off versus Brandon Sutter in Canucks zone.
8:04 of 3rd period - Shot by Corey Perry.
8:04 of 3rd period - Stopped by Kari Lehtonen without a rebound.
8:05 of 3rd period - Phil Kessel wins face-off versus Stephen Weiss in Oilers zone.
9:03 of 3rd period - Icing by Roman Hamrlik.
9:04 of 3rd period - Stephen Weiss wins face-off versus David Backes in Oilers zone.
9:21 of 3rd period - Shot by Loui Eriksson.
9:21 of 3rd period - Shot Misses the Net.
9:23 of 3rd period - Shot by Brooks Laich.
9:23 of 3rd period - Stopped by Kari Lehtonen with a rebound.
9:25 of 3rd period - Shot by Brooks Laich.
9:25 of 3rd period - Goal by Brooks Laich - Oilers : 1 - Canucks : 3.
9:26 of 3rd period - Brandon Sutter wins face-off versus Michal Handzus in neutral zone.
9:59 of 3rd period - Tomas Holmstrom is hit by Radek Dvorak and loses puck.
10:07 of 3rd period - Icing by Fedor Tyutin.
10:08 of 3rd period - Derek Roy wins face-off versus Brandon Sutter in Canucks zone.
10:18 of 3rd period - Minor Penalty to Fedor Tyutin for Hooking.
10:19 of 3rd period - Ryan OReilly wins face-off versus Stephen Weiss in Canucks zone.
10:36 of 3rd period - Duncan Keith is hit by Adam Burish and loses puck.
11:33 of 3rd period - Shot by Roman Hamrlik.
11:33 of 3rd period - Stopped by Henrik Lundqvist without a rebound.
11:34 of 3rd period - Brandon Sutter wins face-off versus Derek Roy in Canucks zone.
12:38 of 3rd period - Shot by Brent Sopel.
12:38 of 3rd period - Shot Misses the Net.
12:48 of 3rd period - Shot by Radek Dvorak.
12:48 of 3rd period - Stopped by Henrik Lundqvist without a rebound.
12:49 of 3rd period - Scott Nichol wins face-off versus Phil Kessel in Canucks zone.
13:06 of 3rd period - Shot by Corey Perry.
13:06 of 3rd period - Stopped by Kari Lehtonen without a rebound.
13:07 of 3rd period - Valtteri Filppula wins face-off versus Michal Handzus in Oilers zone.
13:40 of 3rd period - Minor Penalty to Brandon Sutter for Slashing.
13:41 of 3rd period - Ryan OReilly wins face-off versus Stephen Weiss in Canucks zone.
13:41 of 3rd period - Ryan OReilly is hit by Adam Burish.
13:57 of 3rd period - Shot by Adrian Aucoin.
13:57 of 3rd period - Shot Misses the Net.
14:11 of 3rd period - Shot by Karlis Skrastins.
14:11 of 3rd period - Shot Misses the Net.
14:28 of 3rd period - Off-side.
14:29 of 3rd period - Corey Perry wins face-off versus Derek Roy in neutral zone.
14:29 of 3rd period - Fedor Tyutin is hit by Andrew Ladd and loses puck.
14:39 of 3rd period - Shot by Chris Phillips.
14:39 of 3rd period - Stopped by Henrik Lundqvist with a rebound.
14:41 of 3rd period - Shot by Andrew Ladd.
14:41 of 3rd period - Shot Misses the Net.
14:53 of 3rd period - Shot by Derek Roy.
14:53 of 3rd period - Stopped by Henrik Lundqvist without a rebound.
14:54 of 3rd period - Derek Roy wins face-off versus Jannik Hansen in Canucks zone.
15:36 of 3rd period - Minor Penalty to Adam Burish for Holding.
15:37 of 3rd period - Corey Perry wins face-off versus Stephen Weiss in Oilers zone.
15:55 of 3rd period - Stephen Weiss is hit by Dmitry Kulikov and loses puck.
16:39 of 3rd period - Icing by Brooks Laich.
16:40 of 3rd period - Brooks Laich wins face-off versus Scott Nichol in Canucks zone.
16:59 of 3rd period - Loui Eriksson is hit by Michal Handzus and loses puck.
17:34 of 3rd period - Shot by Duncan Keith.
17:34 of 3rd period - Stopped by Kari Lehtonen without a rebound.
17:35 of 3rd period - Phil Kessel wins face-off versus Scott Nichol in Oilers zone.
18:18 of 3rd period - Shot by James van Riemsdyk.
18:18 of 3rd period - Shot Misses the Net.
18:20 of 3rd period - Shot by Erik Karlsson.
18:20 of 3rd period - Shot Misses the Net.
18:35 of 3rd period - Shot by Erik Karlsson.
18:35 of 3rd period - Shot Misses the Net.
18:46 of 3rd period - Icing by Brent Sopel.
18:47 of 3rd period - Derek Roy wins face-off versus Ryan OReilly in Oilers zone.
18:47 of 3rd period - Stephen Weiss is hit by Valtteri Filppula and loses puck.
18:54 of 3rd period - Fedor Tyutin is hit by Adam Burish.
19:14 of 3rd period - Shot by Andrew Ladd.
19:14 of 3rd period - Stopped by Henrik Lundqvist with a rebound.
19:16 of 3rd period - Shot by Andrew Ladd.
19:16 of 3rd period - Shot Blocked by Fedor Tyutin.
19:18 of 3rd period - Shot by Dany Heatley.
19:18 of 3rd period - Shot Blocked by Fedor Tyutin.
19:20 of 3rd period - Shot by Andrew Ladd.
19:20 of 3rd period - Stopped by Henrik Lundqvist without a rebound.
19:21 of 3rd period - Phil Kessel wins face-off versus Fernando Pisani in Canucks zone.
19:39 of 3rd period - Shot by Loui Eriksson.
19:39 of 3rd period - Shot Blocked by Adrian Aucoin.


Output by the SimonT Hockey Simulator (STHS) for Stephane Roy -- Original Page W3C XHTML 1.0 Valid